AoeStats
← Infadel

Arabia

509200012Analyzed
1v1 RM · 7d ago on Sep 25, 2026· 43m 24s· 2 players
Game mode
Random Map
Map size
Tiny (2 player)
Population
200
Speed
Normal
Resources
Standard
Victory
Conquest
Starting age
Dark Age
Ending age
Imperial Age
RankedLock teamsTeams togetherTeam positionsShared explorationLock speedFull tech treeHidden civsTurbo modeCheats
Victory
Defeat
🇮🇳 Saracens · India
1119
+15
🇩🇪 Berbers · Germany
1100
-15
der Mondgulasch
6:54 Loom
9:58 Feudal Age
10:30 Double-Bit Axe
19:52 Wheelbarrow
25:20 Castle Age
23:20 Horse Collar
24:22 Bloodlines
24:29 Gold Mining
25:05 Scale Barding Armor
28:32 Forging
38:32 Chain Barding Armor
41:08 Man-at-Arms
41:18 Pikeman
41:59 Squires
42:19 Scale Mail Armor
Infadel
7:02 Loom
10:12 Feudal Age
12:11 Double-Bit Axe
19:53 Fletching
22:39 Horse Collar
25:05 Castle Age
24:27 Forging
24:23 Scale Barding Armor
24:05 Horse Collar
24:29 Gold Mining
26:14 Bodkin Arrow
26:39 Bow Saw
28:20 Chain Barding Armor
28:38 Bloodlines
29:54 Iron Casting
31:11 Wheelbarrow
33:23 Gold Shaft Mining
32:38 Stone Mining
37:00 Stone Mining
37:07 Town Watch
40:52 Padded Archer Armor
44:46 Imperial Age
43:26 Bimaristan
43:56 Leather Archer Armor
Connection lost

Rejoining the realm…

Still unreachable

The connection could not be restored.

Session expired

The server has moved on; the page needs a fresh start.